 Dungeon Crawl Stone Soup version 0.31-a0-703-gcfe89afef6 (webtiles) character file.

Game seed: 3850164562791000799

14658 qw the Marksgargoyle (level 12, -7/77 HPs)
             Began as a Gargoyle Hunter on Sept 8, 2023.
             Was a Believer of Okawaru.
             Mangled by a death yak (20 damage)
             ... on level 2 of the Lair of Beasts.
             The game lasted 00:05:21 (10526 turns).

qw the Marksgargoyle (Gargoyle Hunter)             Turns: 10526, Time: 00:05:22

Health: -7/77      AC: 28    Str: 15    XL:     12   Next: 18%
Magic:  15/15      EV: 15    Int:  9    God:    Okawaru [**....]
Gold:   643        SH:  0    Dex: 17    Spells: 11/11 levels left

rFire   . . .        e - +0 orcbow (flame)
rCold   + . .        (shield currently unavailable)
rNeg    + . .        f - +0 ring mail
rPois   inf          (no helmet)
rElec   +            g - +0 cloak
rCorr   .            a - +2 pair of gloves
SInv    .            u - +2 pair of boots
Will    .....        (no amulet)
Stlth   +++          t - +4 ring of protection
HPRegen 0.32/turn    j - ring of protection from cold
MPRegen 0.14/turn

%: no passive effects
@: heroic
A: sickness immunity, AC +8, negative energy resistance 1, electricity
resistance, torment resistance 1, petrification resistance, dopey 1
a: Renounce Religion, Heroism


You were on level 2 of the Lair of Beasts.
You worshipped Okawaru.
Okawaru was pleased with you.
You visited 3 branches of the dungeon, and saw 13 of its levels.
You also visited: Sewer.

You collected 643 gold pieces.


Innate Abilities, Weirdness & Mutations

You are immune to sickness and miasma.
Your stone body is resilient. (AC +8)
You are immune to poison.
You resist negative energy. (rN+)
You are resistant to electric shocks. (rElec)
You are resistant to unholy torment.
You are immune to petrification.
You are dopey. (Int -2)


   Skills:
 - Level 10.1(15.1) Fighting
 + Level 15.5(20.5) Ranged Weapons
 - Level 6.0(11.0) Armour
 - Level 4.0(9.0) Dodging
 - Level 1.1(6.1) Stealth
 - Level 4.0 Invocations


You had 11 spell levels left.
You didn't know any spells.
Your spell library was empty.

Inventory:

Hand Weapons
 e - a +0 orcbow of flaming (weapon)
Armour
 a - a +2 pair of gloves (worn)
 f - a +0 ring mail (worn)
 g - a +0 cloak (worn)
 u - a +2 pair of boots (worn)
Jewellery
 d - a ring of protection from fire
 j - a ring of protection from cold (right hand)
 p - a ring of positive energy
 t - a +4 ring of protection (left hand)
 Y - a ring of protection from fire
Scrolls
 i - 3 scrolls of identify
Potions
 b - 2 potions of enlightenment
 h - a potion of magic
 l - a potion of cancellation
 n - 2 potions of mutation
 q - a potion of haste
 r - a potion of might

Dungeon Overview and Level Annotations

Branches:
Dungeon (9/15)             Temple (1/1) D:6            Lair (3/5) D:8
  Sewer (visited)
  Swamp: Lair:2-3    Shoals: Lair:2-3     Snake: Lair:2-3    Spider: Lair:2-3
    Orc: D:9-12

Altars:
Ashenzari
Cheibriados
Dithmenos
Elyvilon
Fedhas
Gozag
Hepliaklqana
Kikubaaqudgha
Makhleb
Nemelex Xobeh
Okawaru
Qazlal
Ru
Sif Muna
Trog
Uskayaw
Vehumet
Wu Jian
Xom
Yredelemnul
Zin
The Shining One

Annotations:
D:6 1 runed translucent door, qw's ghost, novice GrHu


Message History

The death yak gores you but does no damage.
You shoot an arrow.
The arrow hits the death yak but does no damage.
The death yak is moderately wounded.
The death yak completely misses you.
You shoot an arrow.
The arrow hits the death yak but does no damage.
The death yak is moderately wounded.
The death yak closely misses you.
You shoot an arrow. The arrow hits the death yak.
The arrow burns the death yak.
The death yak is heavily wounded.
The death yak gores you!
You shoot an arrow.
The arrow hits the death yak but does no damage.
The death yak is heavily wounded.
You shoot an arrow.
The arrow hits the death yak but does no damage.
The death yak is heavily wounded.
The death yak gores you!
You shoot an arrow. The arrow hits the death yak!
The arrow burns the death yak.
The death yak is heavily wounded.
The death yak misses you.
You shoot an arrow. The arrow hits the death yak!
The arrow burns the death yak.
The death yak is severely wounded.
The death yak closely misses you.
You shoot an arrow.
The arrow hits the death yak but does no damage.
The death yak is severely wounded.
The death yak gores you but does no damage.
You shoot an arrow. The arrow barely misses the death yak.
You shoot an arrow. The arrow barely misses the death yak.
The death yak closely misses you.
You shoot an arrow. The arrow hits the death yak!
The arrow burns the death yak.
The death yak is almost dead.
The death yak gores you but does no damage.
You shoot an arrow.
The arrow hits the death yak but does no damage.
The death yak is almost dead.
The death yak gores you!!
You die...

##..#.......#........
#.........##.........
#####...........#....
###.......##..#.. ##...#######...
#...## #... ##..## #... ###...##
#... #@#Y...# ###... #######
##YYY.## #P.... ......# ##..P#
###...# ......### ####.[##
#...... P.#...#.# #......###
##.....#
#......#########Y...##.###.......
###..##...#..#.Y...............#.
#.............Y...(.............
##...........####.......###.....


You could see 2 death yaks and a yak.

Vanquished Creatures
  Sonja (Lair:2)
  A skyshark (Lair:2)
  Maurice (D:9)
  6 cane toads
  4 komodo dragons (Lair:2)
  A kobold demonologist (D:7)
  A troll (D:9)
  Grinder (D:4)
  A polar bear (Lair:2)
  4 blink frogs (Lair:1)
  Sigmund (D:5)
  15 yaks
  A wraith (D:9)
  2 basilisks
  5 wyverns
  6 water moccasins
  Pargi (Sewer)
  2 ice beasts
  2 orc warriors
  A sky beast (D:6)
  2 black bears
  An ogre (D:5)
  9 wolves (Lair:2)
  3 centaurs
  A kobold brigand (D:7)
  2 bullfrogs (D:8)
  A gnoll sergeant (D:7)
  7 scorpions
  5 wights
  20 killer bees
  2 electric eels (D:7)
  A howler monkey (D:8)
  A vampire bat (D:6)
  A jelly (D:7)
  4 hounds
  3 quasits (D:6)
  An orc priest (D:8)
  A sleepcap (D:7)
  6 iguanas
  6 orc wizards
  4 hell rats (Lair:1)
  12 gnolls
  12 adders
  2 shadow imps (D:6)
  10 white imps
  2 ufetubi
  A worm (D:4)
  3 dart slugs
  28 orcs
  2 bat skeletons (D:6)
  3 bat zombies (D:6)
  4 endoplasms
  2 giant cockroaches (D:3)
  13 goblins
  5 hobgoblins
  2 jackals (D:2)
  11 kobolds
  2 quokkas
  7 ball pythons
  4 bats
  2 frilled lizards
  3 rats
268 creatures vanquished.

Notes
Turn   | Place    | Note
-------+----------+-------------------------------------------
     0 | D:1      | qw the Gargoyle Hunter began the quest for the Orb.
     0 | D:1      | Reached XP level 1. HP: 12/12 MP: 1/1
     0 | D:1      | 0 ||| qw: Version: 0.3-a-76-g4403597
     0 | D:1      | 0 ||| qw: Game counter: 1295
     0 | D:1      | 0 ||| qw: Melee chars always use a shield: true
     0 | D:1      | 0 ||| qw: God list: Okawaru
     0 | D:1      | 0 ||| qw: Allow faded altars: false
     0 | D:1      | 0 ||| qw: Do Orc after clearing Dungeon:15 true
     0 | D:1      | 0 ||| qw: Do second Lair branch before Depths: true
     0 | D:1      | 0 ||| qw: Lair rune preference: random
     0 | D:1      | 0 ||| qw: Goals: Normal
     0 | D:1      | 0 ||| PLANNING D:1-11
   456 | D:1      | Reached XP level 2. HP: 17/17 MP: 2/2
   817 | D:1      | 817 ||| UPGRADING to +0 ring mail.
   827 | D:1      | 827 ||| DROPPING +0 leather armour.
   828 | D:1      | 828 ||| READING scroll labelled VEWKIGIAFA.
   829 | D:1      | 829 ||| READING scroll labelled DUKUEKLIHUE.
   830 | D:1      | 830 ||| READING scroll labelled DAMPAE LIESCH.
   831 | D:1      | 831 ||| READING scroll labelled ZIRERU YNEFF.
   832 | D:1      | 832 ||| READING scroll labelled ONYCECL KAKO.
   835 | D:1      | 835 ||| DROPPING scroll of butterflies.
   995 | D:2      | Reached skill level 1 in Armour
  1062 | D:2      | Reached XP level 3. HP: 21/21 MP: 3/3
  1084 | D:2      | Found a faded altar of an unknown god.
  1140 | D:2      | 1140 ||| Stepping ~*~*~tactically~*~*~ (water).
  1471 | D:2      | 1471 ||| UPGRADING to +2 pair of gloves.
  1476 | D:2      | 1476 ||| UPGRADING to ring of protection from fire.
  1477 | D:2      | 1477 ||| DRINKING 2 ruby potions.
  1516 | D:3      | 1516 ||| PLANNING SEWER
  1517 | D:3      | 1517 ||| STAIRDANCE
  1521 | D:2      | Reached skill level 5 in Ranged Weapons
  1521 | D:2      | Reached XP level 4. HP: 21/26 MP: 4/4
  1541 | D:3      | 1541 ||| STAIRDANCE
  1659 | D:3      | Reached skill level 3 in Fighting
  1757 | D:3      | Found a glowing drain.
  1758 | D:3      | 1758 ||| READING scroll labelled PUBBEO VUGHA.
  1759 | D:3      | 1759 ||| READING scroll labelled SIPIUTE QOLOW.
  1768 | Sewer    | Entered a sewer
  1782 | Sewer    | 1782 ||| Stepping ~*~*~tactically~*~*~ (water).
  1793 | Sewer    | Reached XP level 5. HP: 32/32 MP: 5/5
  1797 | Sewer    | 1797 ||| Stepping ~*~*~tactically~*~*~ (water).
  1842 | Sewer    | 1842 ||| Stepping ~*~*~tactically~*~*~ (water).
  1853 | Sewer    | Noticed Pargi
  1854 | Sewer    | 1854 ||| Stepping ~*~*~tactically~*~*~ (water).
  1856 | Sewer    | 1856 ||| Stepping ~*~*~tactically~*~*~ (water).
  1858 | Sewer    | 1858 ||| Stepping ~*~*~tactically~*~*~ (water).
  1861 | Sewer    | Killed Pargi
  1862 | Sewer    | Reached skill level 6 in Ranged Weapons
  1866 | Sewer    | Reached XP level 6. HP: 37/37 MP: 6/6
  1867 | Sewer    | 1867 ||| Stepping ~*~*~tactically~*~*~ (water).
  1913 | Sewer    | 1913 ||| READING scroll labelled WUINARPH WERU.
  1914 | Sewer    | 1914 ||| DRINKING 3 cyan potions.
  1915 | Sewer    | 1915 ||| DRINKING 2 glowing orange potions.
  1915 | Sewer    | Gained mutation: You are dopey. (Int -2) [potion of
                  | mutation]
  1916 | Sewer    | 1916 ||| DROPPING 2 potions of magic.
  1928 | D:3      | 1928 ||| PLANNING D:1-11
  2139 | D:3      | 2139 ||| UPGRADING to ring of protection from cold.
  2140 | D:3      | 2140 ||| DRINKING 2 murky puce potions.
  2187 | D:3      | 2187 ||| READING 2 scrolls of identify.
  2187 | D:3      | 2187 ||| IDENTIFYING fuming blue potion
  2188 | D:3      | 2188 ||| DROPPING potion of attraction.
  2189 | D:3      | 2189 ||| DROPPING potion of lignification.
  2226 | D:4      | 2226 ||| FLEEEEING.
  2228 | D:4      | 2228 ||| STAIRDANCE
  2469 | D:4      | Noticed Grinder
  2480 | D:4      | Paralysed by Grinder for 3 turns
  2483 | D:4      | Killed Grinder
  2484 | D:4      | Reached skill level 7 in Ranged Weapons
  2484 | D:4      | Reached XP level 7. HP: 21/43 MP: 7/7
  3086 | D:5      | Entered Level 5 of the Dungeon
  3088 | D:5      | 3088 ||| STAIRDANCE
  3091 | D:4      | Reached skill level 8 in Ranged Weapons
  3098 | D:5      | 3098 ||| STAIRDANCE
  3117 | D:5      | Noticed Sigmund
  3120 | D:5      | 3120 ||| DRINKING potion of curing.
  3120 | D:5      | 3120 ||| (to cure confusion)
  3129 | D:5      | Killed Sigmund
  3130 | D:5      | 3130 ||| FLEEEEING.
  3131 | D:5      | 3131 ||| FLEEEEING.
  3132 | D:5      | 3132 ||| STAIRDANCE
  3272 | D:5      | Reached XP level 8. HP: 50/50 MP: 8/8
  3677 | D:5      | 3677 ||| DRINKING 2 coppery potions.
  3704 | D:6      | Reached skill level 9 in Ranged Weapons
  3723 | D:6      | Found a staircase to the Ecumenical Temple.
  3724 | D:6      | 3724 ||| PLANNING TEMPLE
  3730 | Temple   | Entered the Ecumenical Temple
  3731 | Temple   | 3731 ||| PLANNING D:1-11
  3756 | D:6      | Reached skill level 6 in Fighting
  3814 | D:6      | 3814 ||| RETREATING.
  3873 | D:6      | Found a runed translucent door.
  3877 | D:6      | Found a shimmering altar of Xom.
  3877 | D:6      | Noticed qw's ghost (novice GrHu)
  3878 | D:6      | Noticed a +1 mace of chaos
  3899 | D:6      | 3899 ||| RETREATING.
  3901 | D:6      | 3901 ||| Stepping ~*~*~tactically~*~*~ (retreating).
  3902 | D:6      | 3902 ||| Stepping ~*~*~tactically~*~*~ (retreating).
  3903 | D:6      | 3903 ||| Stepping ~*~*~tactically~*~*~ (retreating).
  3964 | D:6      | 3964 ||| Stepping ~*~*~tactically~*~*~ (retreating).
  3965 | D:6      | 3965 ||| Stepping ~*~*~tactically~*~*~ (retreating).
  3971 | D:6      | Reached skill level 10 in Ranged Weapons
  3971 | D:6      | Reached XP level 9. HP: 42/55 MP: 9/9
  3978 | D:6      | 3978 ||| Stepping ~*~*~tactically~*~*~ (retreating).
  3981 | D:6      | 3981 ||| Stepping ~*~*~tactically~*~*~ (retreating).
  3988 | D:6      | 3988 ||| Stepping ~*~*~tactically~*~*~ (retreating).
  3993 | D:6      | 3993 ||| Stepping ~*~*~tactically~*~*~ (outnumbered).
  3999 | D:6      | 3999 ||| FLEEEEING.
  4000 | D:6      | 4000 ||| FLEEEEING.
  4001 | D:6      | 4001 ||| FLEEEEING.
  4002 | D:6      | 4002 ||| FLEEEEING.
  4012 | D:6      | 4012 ||| STAIRDANCE
  4119 | D:6      | Found an ancient bone altar of Kikubaaqudgha.
  4162 | D:6      | 4162 ||| DRINKING potion of curing.
  4162 | D:6      | 4162 ||| (to cure confusion)
  4193 | D:6      | 4193 ||| FLEEEEING.
  4194 | D:6      | 4194 ||| FLEEEEING.
  4195 | D:6      | 4195 ||| FLEEEEING.
  4196 | D:6      | 4196 ||| FLEEEEING.
  4197 | D:6      | 4197 ||| FLEEEEING.
  4198 | D:6      | 4198 ||| FLEEEEING.
  4199 | D:6      | 4199 ||| FLEEEEING.
  4200 | D:6      | 4200 ||| FLEEEEING.
  4201 | D:6      | 4201 ||| FLEEEEING.
  4202 | D:6      | 4202 ||| FLEEEEING.
  4203 | D:6      | 4203 ||| STAIRDANCE
  4404 | D:6      | Found an opulent altar of Gozag.
  4799 | D:7      | Reached skill level 11 in Ranged Weapons
  4812 | D:7      | Noticed a kobold demonologist
  4815 | D:7      | 4815 ||| RETREATING.
  4815 | D:7      | Noticed a sun demon
  4820 | D:7      | 4820 ||| Stepping ~*~*~tactically~*~*~ (outnumbered).
  4821 | D:7      | 4821 ||| Stepping ~*~*~tactically~*~*~ (outnumbered).
  4831 | D:7      | Killed a kobold demonologist
  4832 | D:7      | Reached skill level 3 in Dodging
  4894 | D:7      | Found a flagged portal.
  4895 | D:7      | 4895 ||| Stepping ~*~*~tactically~*~*~ (outnumbered).
  4897 | D:7      | 4897 ||| Stepping ~*~*~tactically~*~*~ (outnumbered).
  4899 | D:7      | 4899 ||| Stepping ~*~*~tactically~*~*~ (outnumbered).
  4900 | D:7      | 4900 ||| Stepping ~*~*~tactically~*~*~ (outnumbered).
  4902 | D:7      | 4902 ||| Stepping ~*~*~tactically~*~*~ (outnumbered).
  4919 | D:7      | Reached skill level 3 in Armour
  4921 | D:7      | 4921 ||| Stepping ~*~*~tactically~*~*~ (outnumbered).
  4972 | D:7      | 4972 ||| RETREATING.
  4974 | D:7      | 4974 ||| Stepping ~*~*~tactically~*~*~ (retreating).
  4977 | D:7      | 4977 ||| Stepping ~*~*~tactically~*~*~ (retreating).
  4979 | D:7      | 4979 ||| Stepping ~*~*~tactically~*~*~ (retreating).
  5157 | D:7      | Found a snail-covered altar of Cheibriados.
  5340 | D:7      | Reached XP level 10. HP: 61/64 MP: 10/10
  5352 | D:7      | Found a sparkling altar of Nemelex Xobeh.
  5353 | D:7      | Found a broken altar of Ashenzari.
  5615 | D:7      | 5615 ||| DRINKING 2 viscous inky potions.
  5616 | D:7      | 5616 ||| DROPPING potion of brilliance.
  5864 | D:8      | 5864 ||| Stepping ~*~*~tactically~*~*~ (outnumbered).
  5865 | D:8      | 5865 ||| Stepping ~*~*~tactically~*~*~ (outnumbered).
  5866 | D:8      | 5866 ||| RETREATING.
  5868 | D:8      | 5868 ||| Stepping ~*~*~tactically~*~*~ (retreating).
  5870 | D:8      | 5870 ||| Stepping ~*~*~tactically~*~*~ (retreating).
  5872 | D:8      | 5872 ||| Stepping ~*~*~tactically~*~*~ (retreating).
  5873 | D:8      | 5873 ||| Stepping ~*~*~tactically~*~*~ (retreating).
  5874 | D:8      | 5874 ||| Stepping ~*~*~tactically~*~*~ (retreating).
  5875 | D:8      | 5875 ||| Stepping ~*~*~tactically~*~*~ (retreating).
  5882 | D:8      | 5882 ||| DRINKING potion of curing.
  5882 | D:8      | 5882 ||| (to cure confusion)
  5888 | D:8      | Reached skill level 12 in Ranged Weapons
  5908 | D:8      | 5908 ||| FLEEEEING.
  5909 | D:8      | 5909 ||| FLEEEEING.
  5910 | D:8      | 5910 ||| FLEEEEING.
  5911 | D:8      | 5911 ||| FLEEEEING.
  5912 | D:8      | 5912 ||| FLEEEEING.
  5913 | D:8      | 5913 ||| FLEEEEING.
  5914 | D:8      | 5914 ||| FLEEEEING.
  5915 | D:8      | 5915 ||| FLEEEEING.
  5917 | D:8      | 5917 ||| FLEEEEING.
  5918 | D:8      | 5918 ||| FLEEEEING.
  5921 | D:8      | 5921 ||| STAIRDANCE
  6058 | D:7      | 6058 ||| DRINKING 2 emerald potions.
  6059 | D:7      | 6059 ||| DROPPING potion of invisibility.
  6154 | D:8      | Found a staircase to the Lair.
  6179 | D:8      | 6179 ||| Stepping ~*~*~tactically~*~*~ (retreating).
  6180 | D:8      | 6180 ||| Stepping ~*~*~tactically~*~*~ (retreating).
  6181 | D:8      | 6181 ||| Stepping ~*~*~tactically~*~*~ (retreating).
  6182 | D:8      | 6182 ||| Stepping ~*~*~tactically~*~*~ (retreating).
  6183 | D:8      | 6183 ||| Stepping ~*~*~tactically~*~*~ (retreating).
  6189 | D:8      | 6189 ||| Stepping ~*~*~tactically~*~*~ (retreating).
  6190 | D:8      | 6190 ||| Stepping ~*~*~tactically~*~*~ (retreating).
  6191 | D:8      | 6191 ||| Stepping ~*~*~tactically~*~*~ (retreating).
  6194 | D:8      | HP: 15/64 [wyvern (13)]
  6195 | D:8      | 6195 ||| READING scroll of teleportation.
  6196 | D:8      | 6196 ||| DRINKING 2 potions of heal wounds.
  6198 | D:8      | Found a basalt altar of Yredelemnul.
  6295 | D:8      | 6295 ||| RETREATING.
  6296 | D:8      | 6296 ||| Stepping ~*~*~tactically~*~*~ (retreating).
  6297 | D:8      | 6297 ||| Stepping ~*~*~tactically~*~*~ (retreating).
  6298 | D:8      | 6298 ||| Stepping ~*~*~tactically~*~*~ (retreating).
  6299 | D:8      | 6299 ||| Stepping ~*~*~tactically~*~*~ (retreating).
  6306 | D:8      | Reached skill level 13 in Ranged Weapons
  6327 | D:8      | 6327 ||| FLEEEEING.
  6328 | D:8      | 6328 ||| FLEEEEING.
  6329 | D:8      | 6329 ||| FLEEEEING.
  6414 | D:8      | 6414 ||| Stepping ~*~*~tactically~*~*~ (outnumbered).
  6563 | D:8      | 6563 ||| READING scroll labelled IPRATOCL KEOTS.
  6665 | D:9      | Reached skill level 9 in Fighting
  6713 | D:9      | 6713 ||| SWAPPING to +0 orcbow.
  6782 | D:9      | 6782 ||| DROPPING +0 heavy shortbow.
  6783 | D:9      | 6783 ||| READING 4 scrolls of brand weapon.
  6783 | D:9      | 6783 ||| BRANDING +0 orcbow.
  6784 | D:9      | 6784 ||| READING 3 scrolls of brand weapon.
  6784 | D:9      | 6784 ||| BRANDING +0 orcbow of electrocution.
  6785 | D:9      | 6785 ||| READING 2 scrolls of brand weapon.
  6785 | D:9      | 6785 ||| BRANDING +0 orcbow of freezing.
  6786 | D:9      | 6786 ||| READING scroll of brand weapon.
  6786 | D:9      | 6786 ||| BRANDING +0 orcbow of electrocution.
  6848 | D:9      | Noticed Maurice
  6853 | D:9      | 6853 ||| DRINKING potion of curing.
  6853 | D:9      | 6853 ||| (to cure confusion)
  6855 | D:9      | Killed Maurice
  6946 | D:9      | Found an iron altar of Okawaru.
  6947 | D:9      | 6947 ||| PLANNING OKAWARU WORSHIP
  6947 | D:9      | 6947 ||| UPGRADING to +0 cloak.
  6952 | D:9      | 6952 ||| READING 2 scrolls of identify.
  6952 | D:9      | 6952 ||| IDENTIFYING puce potion
  6960 | D:9      | Became a worshipper of Warmaster Okawaru
  6961 | D:9      | 6961 ||| PLANNING D:1-11
  6981 | D:9      | 6981 ||| RETREATING.
  6986 | D:9      | 6986 ||| Stepping ~*~*~tactically~*~*~ (retreating).
  6987 | D:9      | 6987 ||| Stepping ~*~*~tactically~*~*~ (retreating).
  7001 | D:9      | Reached XP level 11. HP: 50/71 MP: 11/11
  7388 | D:9      | 7388 ||| Stepping ~*~*~tactically~*~*~ (retreating).
  7389 | D:9      | 7389 ||| Stepping ~*~*~tactically~*~*~ (retreating).
  7394 | D:9      | Reached * piety under Okawaru
  7642 | D:9      | 7642 ||| PLANNING LAIR
  7731 | Lair:1   | Entered Level 1 of the Lair of Beasts
  7751 | Lair:1   | Reached skill level 1 in Invocations
  7783 | Lair:1   | 7783 ||| RETREATING.
  7789 | Lair:1   | 7789 ||| INVOKING Heroism.
  7790 | Lair:1   | 7790 ||| Stepping ~*~*~tactically~*~*~ (retreating).
  7791 | Lair:1   | 7791 ||| Stepping ~*~*~tactically~*~*~ (retreating).
  7794 | Lair:1   | 7794 ||| Stepping ~*~*~tactically~*~*~ (retreating).
  7795 | Lair:1   | 7795 ||| Stepping ~*~*~tactically~*~*~ (retreating).
  7796 | Lair:1   | 7796 ||| Stepping ~*~*~tactically~*~*~ (retreating).
  7802 | Lair:1   | Reached skill level 14 in Ranged Weapons
  7806 | Lair:1   | 7806 ||| INVOKING Heroism.
  7946 | Lair:1   | 7946 ||| Stepping ~*~*~tactically~*~*~ (retreating).
  7947 | Lair:1   | 7947 ||| Stepping ~*~*~tactically~*~*~ (retreating).
  7948 | Lair:1   | 7948 ||| Stepping ~*~*~tactically~*~*~ (retreating).
  7949 | Lair:1   | 7949 ||| Stepping ~*~*~tactically~*~*~ (retreating).
  7950 | Lair:1   | 7950 ||| RETREATING.
  7953 | Lair:1   | 7953 ||| INVOKING Heroism.
  7962 | Lair:1   | Reached skill level 3 in Invocations
  8101 | Lair:1   | 8101 ||| INVOKING Heroism.
  8183 | Lair:1   | 8183 ||| INVOKING Heroism.
  8478 | Lair:1   | Found an ancient bone altar of Kikubaaqudgha.
  8482 | Lair:1   | 8482 ||| INVOKING Heroism.
  8604 | Lair:1   | 8604 ||| UPGRADING to +2 pair of boots.
  8609 | Lair:1   | 8609 ||| DROPPING +6 ring of intelligence.
  8610 | Lair:1   | 8610 ||| UPGRADING to +4 ring of protection.
  8612 | Lair:1   | 8612 ||| READING 2 scrolls of identify.
  8612 | Lair:1   | 8612 ||| IDENTIFYING fizzy blue potion
  8613 | Lair:1   | 8613 ||| DROPPING potion of ambrosia.
  8643 | Lair:2   | 8643 ||| INVOKING Heroism.
  8716 | Lair:2   | 8716 ||| INVOKING Heroism.
  8870 | Lair:2   | 8870 ||| INVOKING Heroism.
  8886 | Lair:2   | 8886 ||| INVOKING Heroism.
  9113 | Lair:2   | 9113 ||| INVOKING Heroism.
  9138 | Lair:2   | 9138 ||| INVOKING Heroism.
  9234 | Lair:2   | 9234 ||| Stepping ~*~*~tactically~*~*~ (retreating).
  9235 | Lair:2   | 9235 ||| Stepping ~*~*~tactically~*~*~ (retreating).
  9236 | Lair:2   | 9236 ||| Stepping ~*~*~tactically~*~*~ (retreating).
  9237 | Lair:2   | 9237 ||| Stepping ~*~*~tactically~*~*~ (retreating).
  9299 | Lair:2   | Reached ** piety under Okawaru
  9390 | Lair:2   | Noticed Sonja
  9410 | Lair:2   | 9410 ||| INVOKING Heroism.
  9410 | Lair:2   | HP: 10/72 [Sonja/+2 dagger of distortion (21)]
  9410 | Lair:2   | HP: 4/72 [Sonja/+2 dagger of distortion (6)]
  9411 | Lair:2   | 9411 ||| READING scroll of teleportation.
  9412 | Lair:2   | 9412 ||| DRINKING potion of heal wounds.
  9413 | Lair:2   | Killed Sonja
  9416 | Lair:2   | Noticed a skyshark
  9424 | Lair:2   | Killed a skyshark
  9425 | Lair:2   | Reached skill level 15 in Ranged Weapons
  9425 | Lair:2   | Reached XP level 12. HP: 25/77 MP: 13/15
  9483 | Lair:2   | 9483 ||| INVOKING Heroism.
  9489 | Lair:2   | 9489 ||| RETREATING.
  9497 | Lair:2   | 9497 ||| Stepping ~*~*~tactically~*~*~ (retreating).
  9498 | Lair:2   | 9498 ||| Stepping ~*~*~tactically~*~*~ (retreating).
  9499 | Lair:2   | 9499 ||| Stepping ~*~*~tactically~*~*~ (retreating).
  9504 | Lair:2   | 9504 ||| INVOKING Heroism.
  9513 | Lair:2   | Reached skill level 6 in Armour
  9528 | Lair:2   | 9528 ||| INVOKING Heroism.
 10114 | Lair:2   | 10114 ||| INVOKING Heroism.
 10429 | Lair:2   | 10429 ||| DROPPING ring of fire.
 10430 | Lair:2   | 10430 ||| DRINKING 2 bubbling purple potions.
 10431 | Lair:2   | 10431 ||| READING 6 scrolls of identify.
 10431 | Lair:2   | 10431 ||| IDENTIFYING bubbling cyan potion
 10432 | Lair:2   | 10432 ||| READING 5 scrolls of identify.
 10432 | Lair:2   | 10432 ||| IDENTIFYING fizzy yellow potion
 10433 | Lair:2   | 10433 ||| READING 4 scrolls of identify.
 10433 | Lair:2   | 10433 ||| IDENTIFYING sapphire potion
 10434 | Lair:2   | 10434 ||| DROPPING potion of berserk rage.
 10477 | Lair:3   | Noticed a death yak
 10477 | Lair:3   | Noticed a death yak
 10477 | Lair:3   | Noticed a death yak
 10478 | Lair:3   | 10478 ||| STAIRDANCE
 10480 | Lair:2   | 10480 ||| Stepping ~*~*~tactically~*~*~ (retreating).
 10481 | Lair:2   | 10481 ||| Stepping ~*~*~tactically~*~*~ (retreating).
 10482 | Lair:2   | 10482 ||| Stepping ~*~*~tactically~*~*~ (retreating).
 10483 | Lair:2   | 10483 ||| Stepping ~*~*~tactically~*~*~ (retreating).
 10484 | Lair:2   | 10484 ||| INVOKING Heroism.
 10493 | Lair:2   | 10493 ||| Stepping ~*~*~tactically~*~*~ (retreating).
 10494 | Lair:2   | 10494 ||| Stepping ~*~*~tactically~*~*~ (retreating).
 10495 | Lair:2   | 10495 ||| Stepping ~*~*~tactically~*~*~ (retreating).
 10496 | Lair:2   | 10496 ||| Stepping ~*~*~tactically~*~*~ (retreating).
 10497 | Lair:2   | 10497 ||| Stepping ~*~*~tactically~*~*~ (retreating).
 10498 | Lair:2   | 10498 ||| Stepping ~*~*~tactically~*~*~ (retreating).
 10499 | Lair:2   | 10499 ||| Stepping ~*~*~tactically~*~*~ (retreating).
 10500 | Lair:2   | 10500 ||| Stepping ~*~*~tactically~*~*~ (retreating).
 10501 | Lair:2   | 10501 ||| RETREATING.
 10506 | Lair:2   | 10506 ||| Stepping ~*~*~tactically~*~*~ (retreating).
 10507 | Lair:2   | 10507 ||| INVOKING Heroism.
 10519 | Lair:2   | HP: 12/77 [death yak (15)]
 10526 | Lair:2   | Mangled by a death yak

Levels and vault maps discovered:
D:1:      pf_arrival_petrified_forest, layout_loops_corners
D:2:      layout_rooms, hellmonk_ecumenical_altar_pennies_from_heaven,
          patterned_corridor
D:3:      layout_rooms, cheibrodos_sewer_entry_sluice, minmay_misc_feat_roman
D:4:      layout_loops_ring, corexii_item_surrounded_by_moat, uniq_grinder
D:5:      layout_cave_pools, kennysheep_generic_room_10, uniq_sigmund
D:6:      layout_rooms, kennysheep_vampire_church,
          mainiacjoe_overflow_concentric_impassable, serial_demonic,
          serial_demonic_e, serial_demonic_c, serial_demonic_e,
          serial_demonic_a, serial_demonic_c, serial_demonic_d,
          ebering_ghost_xom
D:7:      layout_basic, amcnicky_altar_gilded, nicolae_overflow_squiral,
          enter_bailey_5, supply_closet_lemuel, minmay_crystal_water
D:8:      layout_rooms, lemuel_crystal_altar, minmay_lair_entry_grove,
          kennysheep_boxes
D:9:      layout_roguey, okawaru_trees_2, uniq_maurice
Temple:   nicolae_temple_no_exploring_needed
Lair:1:   layout_concentric_octagons, basic_altar,
          chequers_serial_rivers_micro_e
Lair:2:   layout_layer_cave, uniq_sonja
Lair:3:   layout_regular_city, swamp_mist_pool,
          nicolae_spider_entry_lesser_pyramids, maelrawn_ghost_gauntlet_escape,
          beast_lair_carwin_10, lemuel_fruit_tree

Skill      XL: |  1  2  3  4  5  6  7  8  9 10 11 12 |
---------------+-------------------------------------+-----
Armour         | 1 2 3 4 5 6 |  6.0
Ranged Weapons | 5 6 7 8 10 11 13 15 | 15.5
Fighting       | 3 4 5 6 8 9 10 | 10.1
Dodging        | 2 3 4 |  4.0
Invocations    | 4 |  4.0
Stealth        | |  1.1

Action                     |  1- 3 |  4- 6 |  7- 9 | 10-12 || total
---------------------------+-------+-------+-------+-------++-------
   Fire: Shortbow          |    72 |   148 |   343 |   172 ||   735
         Orcbow            |       |       |       |   457 ||   457
 Invoke: Heroism           |       |       |       |    19 ||    19
    Use: Scroll            |     5 |     4 |       |    12 ||    21
         Potion            |     1 |     3 |     3 |     7 ||    14
 Armour: Leather armour    |     6 |       |       |       ||     6
         Ring mail         |    42 |   128 |   286 |   370 ||   826
  Dodge: Dodged            |    32 |   127 |   257 |   351 ||   767

Table legend:
 A = Non-vault XP
 B = Vault XP
 C = Vault XP percentage of total XP
 D = Non-vault monster count
 E = Vault monster count
 F = Vault count percentage of total count
                 A         B        C        D         E       F
            +---------+---------+-------+---------+---------+-------
      Total |   16649 |    4291 |  20.5 |     220 |      48 |  17.9
            +---------+---------+-------+---------+---------+-------
        D:1 |      15 |       0 |   0.0 |       9 |       0 |   0.0
        D:2 |      93 |       0 |   0.0 |      15 |       0 |   0.0
        D:3 |      39 |       4 |   9.3 |      16 |       2 |  11.1
        D:4 |     237 |     295 |  55.5 |      18 |       1 |   5.3
        D:5 |     484 |     244 |  33.5 |      15 |       2 |  11.8
        D:6 |    1317 |     285 |  17.8 |      27 |      17 |  38.6
        D:7 |    1573 |       8 |   0.5 |      30 |       4 |  11.8
        D:8 |     801 |    2028 |  71.7 |      25 |      12 |  32.4
        D:9 |    2292 |     457 |  16.6 |      22 |       1 |   4.3
     Lair:1 |    3556 |       0 |   0.0 |      17 |       0 |   0.0
     Lair:2 |    6242 |     778 |  11.1 |      26 |       1 |   3.7
      Sewer |       0 |     192 | 100.0 |       0 |       8 | 100.0
            +---------+---------+-------+---------+---------+-------
